 Dungeon Crawl Stone Soup version 0.17.1-3-g152610e (webtiles) character file.

581 manyhoops the Thaumaturge (level 7, -11/36 HPs)
             Began as a Deep Elf Summoner on Apr 7, 2016.
             Was an Initiate of Vehumet.
             Killed from afar by a guardian golem (30 damage)
             ... with an exploding inner flame
             ... summoned by the player character
             ... on level 5 of the Dungeon.
             The game lasted 00:27:29 (4421 turns).

manyhoops the Thaumaturge (Deep Elf Summoner)       Turns: 4421, Time: 00:27:29

Health: -11/36     AC:  7    Str:  5    XL:     7   Next: 14%
Magic:  9/21       EV: 13    Int: 22    God:    Vehumet [......]
Gold:   301        SH:  0    Dex: 15    Spells: 4 memorised, 14 levels left

rFire  . . .     SeeInvis .     u - +0 mace (protect)
rCold  . . .     Clarity  .     a - +0 robe
rNeg   . . .     SustAt   .     (no shield)
rPois  .         Gourm    .     (no helmet)
rElec  .         Spirit   .     (no cloak)
rCorr  .         Warding  .     (no gloves)
rMut   .         Stasis   .     (no boots)
MR     .....                    (no amulet)
Stlth  ++........               (no ring)
                                (no ring)

@: not resistant to hostile enchantments, unstealthy
A: no striking features
a: Renounce Religion


You were on level 5 of the Dungeon.
You worshipped Vehumet.
Vehumet was noncommittal.
You were not hungry.

You visited 1 branch of the dungeon, and saw 5 of its levels.

You collected 301 gold pieces.

Inventory:

Hand Weapons
 k - a +0 hunting sling
 u - a +0 mace of protection (weapon)
Missiles
 l - 163 stones (quivered)
Armour
 a - a +0 robe (worn)
Wands
 x - a wand of flame (0)
 A - a wand of slowing (15)
Scrolls
 e - 3 scrolls of remove curse
 f - a scroll of immolation {unknown}
 m - a scroll of enchant weapon {unknown}
 n - a scroll of magic mapping {unknown}
 w - a scroll of identify
 y - a scroll of teleportation {unknown}
Potions
 d - 3 potions of curing
 g - a potion of degeneration {unknown}
 h - a potion of lignification {unknown}
 i - 2 potions of might {unknown}
 o - 2 potions of flight {unknown}
 p - a potion of mutation {unknown}
 q - 3 potions of brilliance
 s - 2 potions of magic {unknown}
 v - a potion of agility {unknown}
Books
 b - a book of Callings

   Spells                             Type                      Level
   a - Summon Small Mammal            Summoning                    1
   b - Call Imp                       Summoning                    2
   c - Call Canine Familiar           Summoning                    3
   d - Summon Guardian Golem          Hexes/Summoning              3
   e - Summon Lightning Spire         Summoning/Air                4
   f - Summon Ice Beast               Ice/Summoning                4
Comestibles
 c - 3 bread rations
 j - 3 slices of pizza
 r - a royal jelly
 t - 3 meat rations


   Skills:
 - Level 0.1 Fighting
 - Level 2.5 Dodging
 + Level 3.3 Stealth
 * Level 8.8 Spellcasting
 + Level 6.1 Summonings


You had 14 spell levels left.
You knew the following spells:

 Your Spells              Type           Power        Failure   Level  Hunger
a - Summon Small Mammal   Summ           ####         1%          1    None
b - Call Imp              Summ           #####...     1%          2    None
c - Call Canine Familiar  Summ           #####...     1%          3    None
d - Summon Guardian Gole  Hex/Summ       ###.....     8%          3    None


Dungeon Overview and Level Annotations

Branches:
Dungeon (5/15)             Temple (0/1) D:5

Altars:
Kikubaaqudgha
Makhleb
Vehumet
Xom
Zin
The Shining One

Shops:
D:2 *


Message History

Aim: an orc warrior, wielding a war axe and wearing a chain mail (heavily wounded) Attack!
Your wolf bites the orc warrior but does no damage.
Your wolf bites the orc warrior but does no damage.
The orc warrior hits you with a war axe!
The orc warrior hits your guardian golem with a war axe.
The orc warrior hits your wolf with a war axe.
Number of times to repeat, then command key: You must enter the number of times for the command to repeat.
Number of times to repeat, then command key: You must enter the number of times for the command to repeat.
Your wolf closely misses the orc warrior.
Your wolf completely misses the orc warrior.
The orc warrior hits you with a war axe!
The orc warrior hits your wolf but does no damage.
The orc warrior hits your guardian golem with a war axe.
Your guardian golem explodes!
The fiery explosion engulfs you!
Ouch! That really hurt!
You die...

...#...#.....)%.............
....#.#......#######.#.###.#
.....>.......# #...#
....#.#..##### ##<.#
...#.).#.# #†.# .........#
#..# ....###### ##### ##.#
##### #...# #.# #
#.@o####.## # #
#.§§h.(...##.### #
###§5.)........# #
#.......##.#.# #
#..5....##.# # #.........>#
# #.......#..# #
#.......#..# # #..........#


You could see an orc warrior, a friendly wolf and 2 friendly crimson imps.

Vanquished Creatures (collateral kills)
  Eustachio (D:5)
  2 ogres
  A centaur (D:5)
  A giant frog (D:5)
  The ghost of Breadlance the Sneak, an amateur SpAs (D:3)
  A scorpion (D:5)
  A crimson imp (D:4)
  5 orc wizards
  A giant frog zombie (D:5)
  An orc priest (D:3)
  A centaur skeleton (D:4)
  An iguana (D:5)
  4 worker ants
  A worker ant zombie (D:5)
  7 adders
  An ooze (D:3)
  3 worms
  2 giant geckos
  9 orcs
  2 ball pythons
  5 bats
  7 giant cockroaches
  8 goblins
  7 hobgoblins
  13 kobolds
  7 giant newts
  8 jackals (D:1)
  2 jackal skeletons
  A quokka skeleton (D:4)
  6 rats
110 creatures vanquished.

Notes
Turn   | Place    | Note
--------------------------------------------------------------
     0 | D:1      | manyhoops the Deep Elf Summoner began the quest for the Orb.
     0 | D:1      | Reached XP level 1. HP: 10/10 MP: 6/6
     3 | D:1      | Noticed an electric eel
     3 | D:1      | Noticed an electric eel
   166 | D:1      | Reached XP level 2. HP: 9/15 MP: 6/8
   249 | D:1      | Learned a level 2 spell: Call Imp
   580 | D:1      | Reached skill level 5 in Summonings
   820 | D:2      | Reached XP level 3. HP: 19/19 MP: 7/10
  1202 | D:2      | Found Zin's Purification Station.
  1205 | D:2      | Found a glowing silver altar of Zin.
  2006 | D:3      | Reached XP level 4. HP: 16/24 MP: 9/12
  2088 | D:3      | Reached skill level 5 in Spellcasting
  2202 | D:3      | Learned a level 3 spell: Call Canine Familiar
  2206 | D:3      | Learned a level 3 spell: Summon Guardian Golem
  2529 | D:3      | Noticed Breadlance's ghost (amateur SpAs)
  2547 | D:3      | Killed Breadlance's ghost
  2547 | D:3      | Reached XP level 5. HP: 28/28 MP: 5/15
  2725 | D:4      | Found a glowing golden altar of the Shining One.
  2732 | D:4      | Reached skill level 6 in Spellcasting
  3194 | D:4      | Found a radiant altar of Vehumet.
  3195 | D:4      | Found a burning altar of Makhleb.
  3258 | D:4      | Noticed an ogre
  3268 | D:4      | Killed an ogre
  3283 | D:4      | Reached skill level 7 in Spellcasting
  3283 | D:4      | Reached XP level 6. HP: 27/32 MP: 18/18
  3474 | D:4      | Became a worshipper of Vehumet
  3646 | D:5      | Entered Level 5 of the Dungeon
  3746 | D:5      | Noticed Eustachio
  3778 | D:5      | Killed Eustachio
  3830 | D:5      | Found a staircase to the Ecumenical Temple.
  3904 | D:5      | Found an ancient bone altar of Kikubaaqudgha.
  3907 | D:5      | Found a shimmering altar of Xom.
  4073 | D:5      | Reached skill level 8 in Spellcasting
  4158 | D:5      | Reached XP level 7. HP: 21/36 MP: 16/21
  4421 | D:5      | Killed from afar by a guardian golem

Action                   |  1- 3 |  4- 6 |  7- 9 || total
-------------------------+-------+-------+-------++-------
Melee: Unarmed           |     9 |       |       ||     9
       Mace              |       |     1 |       ||     1
 Cast: Summon Small Mamm |   112 |    36 |       ||   148
       Call Imp          |     3 |    22 |     4 ||    29
       Call Canine Famil |       |    16 |     2 ||    18
       Summon Guardian G |       |     2 |     1 ||     3
  Use: Scroll            |       |     1 |     1 ||     2
       Potion            |       |     1 |       ||     1
  Eat: Chunk             |     3 |     7 |     1 ||    11
